 Dungeon Crawl Stone Soup version 0.32-a0-433-g08bcfe7efd (webtiles) character file.

Game seed: 4790077418980867969

4909 jasper the Cleaver (level 10, -1/73 HPs)
             Began as a Coglin Cinder Acolyte on Feb 22, 2024.
             Was an Elder of Ignis.
             Slain by a gnoll sergeant
             ... wielding a +0 glaive
              (10 damage)
             ... in a bailey.
             The game lasted 00:09:42 (5446 turns).

jasper the Cleaver (Coglin Cinder Acolyte)          Turns: 5446, Time: 00:09:42

Health: -1/73      AC: 14    Str: 22    XL:     10   Next: 51%
Magic:  11/11      EV: 10    Int: 19    God:    Ignis [****..]
Gold:   347        SH:  0    Dex: 10    Spells: 11/11 levels left

rFire   + + .        m - +8 war axe (distort) {Jaspreet}
rCold   + . .        k - +9 spear "Xalomofi" {flame, rC+ rCorr Str+3}
rNeg    . . .        p - +1 scale mail {rF+}
rPois   .            L - +2 helmet
rElec   .            K - +1 cloak
rCorr   +            F - +0 pair of gloves
SInv    .            (no boots)
Will    .....        (no amulet) Stlth
                     f - ring of flight
HPRegen 0.32/turn    t - +6 ring of intelligence
MPRegen 0.12/turn

%: no passive effects
@: weakened, flying, revved
A: off-hand wielding, slow wielding, warmup strikes, legs shutdown
a: Renounce Religion, Fiery Armour, Foxfire Swarm, Rising Flame


You were in a bailey.
You worshipped Ignis.
Ignis was greatly pleased with you.
You visited 1 branch of the dungeon, and saw 7 of its levels.
You visited the Abyss 1 time.
You also visited: Bailey.

You collected 347 gold pieces.

Inventory:

Hand Weapons
 a - a +0 hand axe of flaming {Umi}
 e - a +0 club {Noor}
 k - the +9 spear "Xalomofi" (offhand) {flame, rC+ rCorr Str+3}
   (You found it on level 2 of the Dungeon)

   Str+3:     It affects your strength (+3).
   rC+:       It protects you from cold.
   rCorr:     It protects you from acid and corrosion.
 m - a +8 war axe of distortion (weapon) {Jaspreet}
Missiles
 d - 95 stones
 w - 5 throwing nets (quivered)
 x - 9 poisoned darts
Armour
 b - a +0 robe
 g - a +1 leather armour of positive energy
 i - a +0 ring mail
 p - a +1 scale mail of fire resistance (worn)
 s - +0 swamp dragon scales
 v - a +0 helmet
 F - a +0 pair of gloves (worn)
 K - a +1 cloak (worn)
 L - a +2 helmet (worn)
Jewellery
 f - a ring of flight (left grasper)
 t - a +6 ring of intelligence (right grasper)
 H - a ring of ice
Scrolls
 j - 2 scrolls of teleportation
 l - a scroll of poison
 o - a scroll of enchant weapon
 u - a scroll of vulnerability
 A - a scroll of fear
Potions
 c - a potion of curing
 h - a potion of lignification
 n - a potion of cancellation
 q - 3 potions of brilliance
 r - a potion of mutation
 B - a potion of enlightenment
 C - 3 potions of might
 D - a potion of heal wounds {unknown}
 E - a potion of attraction {unknown}
 J - a potion of haste {unknown}
Miscellaneous
 y - a phantom mirror


   Skills:
 + Level 4.8 Fighting
 - Level 10.3(11.9) Axes
 - Level 8.8(10.6) Polearms
 + Level 3.1 Armour
 + Level 3.1 Dodging
 - Level 1.0 Spellcasting
 - Level 2.6 Fire Magic


You had 11 spell levels left.
You didn't know any spells.
Your spell library contained the following spells:

 Spells                   Type           Power      Damage    Failure   Level
 Scorch                   Fire           22%        2d5       24%         2
 Slow                     Hex            0%         N/A       43%         1
 Blink                    Tloc           0%         N/A       58%         2
 Lesser Beckoning         Tloc           0%         N/A       58%         2
 Momentum Strike          Conj/Tloc      0%         3d8       58%         2
 Confusing Touch          Hex            0%         N/A       82%         3
 Sigil of Binding         Hex            0%         N/A       82%         3
 Vampiric Draining        Necr           0%         2d6       82%         3
 Malign Gateway           Summ/Tloc      0%         N/A       100%        7
 Summon Horrible Things   Summ           0%         N/A       100%        8


Dungeon Overview and Level Annotations

Branches:
Dungeon (7/15)             Temple (0/1) D:4          Bailey (1/1)

Altars:
Uskayaw
Zin

Annotations:
D:4 2 transporters, Jigsaw's ghost, weakling SpDe


Innate Abilities, Weirdness & Mutations

You can wield a second weapon in your off-hand.
It takes a long time for you to wield or remove held weapons.
Your first few attacks do less damage.
Attacking and casting redirects power from your legs.


Message History

The wolf closely misses you. The gnoll sergeant misses you.
Hit: m) +8 war axe (distort) {Jaspreet}
Press: ? - help, Dir - move target, f/p - gnoll sergeant
Aim: a gnoll sergeant, wielding a +0 glaive and wearing a +0 chain mail (lightly wounded, covering ground quickly, about 22% to evade your +8 war axe of distortion)
You reach to attack!
You hit the gnoll sergeant but do no damage.
The wolf bites you.
The gnoll sergeant hits you from afar with a +0 glaive!
The gnoll bouda barely misses you.
The gnoll sergeant hits you but does no damage.
You take 15 damage, and have 30/73 hp.
MASSIVE DAMAGE!!
Hit: m) +8 war axe (distort) {Jaspreet}
Press: ? - help, Dir - move target, f/p - gnoll sergeant
Aim: a gnoll sergeant, wielding a +0 glaive and wearing a +0 chain mail (lightly wounded, covering ground quickly, about 22% to evade your +8 war axe of distortion)
You reach to attack!
You completely miss the gnoll sergeant with the +9 spear "Xalomofi".
The wolf misses you. The gnoll sergeant closely misses you.
The gnoll bouda hits you from afar with a +0 halberd!
* * * LOW HITPOINT WARNING * * *
You take 9 damage, and have 21/73 hp.
Hit: m) +8 war axe (distort) {Jaspreet}
Press: ? - help, Dir - move target, f/p - gnoll sergeant
Aim: a gnoll sergeant, wielding a +0 glaive and wearing a +0 chain mail (lightly wounded, covering ground quickly, about 22% to evade your +8 war axe of distortion)
The wolf is in the way.
You hit the wolf but do no damage.
The wolf is heavily wounded.
You barely miss the wolf with your +8 war axe of distortion.
The wolf completely misses you.
The gnoll sergeant hits you from afar with a +0 glaive!
* * * LOW HITPOINT WARNING * * *
The wolf barely misses you. The gnoll bouda misses you.
The gnoll sergeant hits you from afar with a +0 glaive!
* * * LOW HITPOINT WARNING * * *
You take 19 damage, and have 2/73 hp.
MASSIVE DAMAGE!!
You feel better.
You are no longer unable to travel.
The wolf bites you.
* * * LOW HITPOINT WARNING * * *
The gnoll sergeant hits you from afar with a +0 glaive!
You die...
Ignis goes out, and joins you in death.

♣≈..#...)##...##..'.#..≈..♣♣
♣≈..##'###.....######..≈...♣♣
♣≈......#)......#...'.......♣
♣≈......')..ß...'...'...)..∩)
♣≈......#)......#...'.......♣
♣≈..##'###.)...######..≈...♣♣
♣≈).#))..##...## .+ #..≈...♣
♣≈..#..)).#####g..# #..≈...♣
♣≈..#.......@hgg..# #..≈..♣♣
♣≈..##......#)g...# #..≈.♣♣
♣≈...##.ß...#.g.ß.###..≈.♣
♣≈≈...#############...≈≈♣♣
♣♣≈≈≈≈≈≈≈≈≈≈≈≈≈≈≈≈≈≈≈≈≈♣♣
♣♣♣♣♣♣♣♣♣♣♣♣♣♣♣♣♣♣♣♣♣♣♣


You could see 3 gnoll sergeants, a wolf and 2 gnoll boudas.

Vanquished Creatures
  A thrashing horror (Abyss:1)
  Pikel (D:7)
  Maggie (D:7)
  Prince Ribbit (D:6)
  Grinder (D:4)
  A harpy skeleton (Abyss:1)
  Edmund (D:4)
  A small abomination (Abyss:1)
  Duvessa (D:7)
  2 orc warriors (D:7)
  A black bear (D:6)
  A sky beast (D:6)
  2 ogres
  4 wolves (Bailey)
  4 lemures
  A phantom (D:5)
  A kobold brigand (D:6)
  5 gnoll sergeants (Bailey)
  4 scorpions
  A wight (Abyss:1)
  Dowan (D:7)
  A howler monkey (D:7)
  2 jellies
  5 bombardier beetles
  2 hounds (Bailey)
  5 orc priests
  Crazy Yiuf (D:5)
  5 gnoll boudas (Bailey)
  An iguana (D:5)
  2 orc wizards
  Robin (D:3)
  18 gnolls
  8 adders
  A shadow imp (D:7)
  2 ufetubi (D:5)
  A dart slug (D:3)
  13 orcs
  9 ball pythons
  11 endoplasms
  3 giant cockroaches
  7 hobgoblins
  3 jackals (D:1)
  9 kobolds
  3 quokkas
  2 bats
  A frilled lizard (D:3)
  17 goblins
  6 rats
175 creatures vanquished.

Notes
Turn   | Place    | Note
-------+----------+-------------------------------------------
     0 | D:1      | jasper the Coglin Cinder Acolyte began the quest for the
                  | Orb.
     0 | D:1      | Reached XP level 1. HP: 18/18 MP: 2/2
    13 | D:1      | Found a faded altar of an unknown god.
   176 | D:1      | Reached XP level 2. HP: 24/24 MP: 3/3
   216 | D:1      | Learned a level 2 spell: Scorch
   481 | D:1      | Reached skill level 4 in Axes
   827 | D:2      | Reached XP level 3. HP: 29/29 MP: 4/4
   931 | D:2      | Identified the +9 spear "Xalomofi" {flame, rC+ rCorr Str+3}
  1422 | D:3      | Reached XP level 4. HP: 35/35 MP: 5/5
  1424 | D:3      | Reached skill level 5 in Axes
  1577 | D:3      | Noticed Robin
  1585 | D:3      | Reached XP level 5. HP: 40/41 MP: 6/6
  1586 | D:3      | Killed Robin
  1715 | D:3      | Found a glowing silver altar of Zin.
  1880 | D:4      | Noticed an ogre
  1882 | D:4      | Found a staircase to the Ecumenical Temple.
  1887 | D:4      | Killed an ogre
  1888 | D:4      | Reached skill level 6 in Axes
  1888 | D:4      | Reached XP level 6. HP: 39/47 MP: 7/7
  1904 | D:4      | Noticed Grinder
  1917 | D:4      | Killed Grinder
  1918 | D:4      | Reached skill level 7 in Axes
  1955 | D:4      | Found a transporter.
  1958 | D:4      | Noticed Jigsaw's ghost (weakling SpDe)
  1985 | D:4      | Noticed Edmund
  1989 | D:4      | Reached XP level 7. HP: 52/52 MP: 8/8
  2000 | D:4      | Killed Edmund
  2001 | D:4      | Reached skill level 8 in Axes
  2092 | D:4      | Found a transporter.
  2418 | D:5      | Entered Level 5 of the Dungeon
  2455 | D:5      | Reached skill level 9 in Axes
  2518 | D:5      | Found a runed translucent door.
  2659 | D:5      | Reached XP level 8. HP: 58/58 MP: 9/9
  2981 | D:5      | Reached skill level 10 in Axes
  3336 | D:5      | Noticed Crazy Yiuf
  3500 | D:5      | Killed Crazy Yiuf
  3697 | D:6      | Reached skill level 1 in Polearms
  3780 | D:6      | Found a hide-covered altar of Uskayaw.
  4036 | D:6      | Reached XP level 9. HP: 63/63 MP: 10/10
  4074 | D:7      | Noticed Prince Ribbit
  4074 | D:7      | Noticed Pikel
  4082 | D:6      | Killed Prince Ribbit
  4083 | D:6      | Reached skill level 5 in Polearms
  4121 | D:7      | Noticed Dowan
  4129 | D:7      | Killed Pikel
  4130 | D:7      | Killed Dowan
  4194 | D:7      | Noticed Maggie
  4200 | Abyss:1  | Cast into level 1 of the Abyss (Maggie)
  4267 | Abyss:1  | Noticed a thrashing horror
  4353 | Abyss:1  | Killed a thrashing horror
  4356 | Abyss:1  | Reached XP level 10. HP: 39/70 MP: 11/11
  4372 | D:7      | Escaped the Abyss
  4379 | D:7      | Killed Maggie
  4380 | D:7      | Reached skill level 1 in Armour
  4380 | D:7      | Reached skill level 1 in Dodging
  4603 | D:7      | Noticed Duvessa
  4610 | D:7      | Killed Duvessa
  4784 | D:7      | Found a flagged portal.
  4792 | Bailey   | Entered a bailey
  5445 | Bailey   | HP: 2/73 [gnoll sergeant/+0 glaive (12)]
  5446 | Bailey   | Slain by a gnoll sergeant

Illustrated notes

Levels and vault maps discovered:
D:1:      saegor_arrival_simple_e, layout_basic,
          hellmonk_ecumenical_altar_heavens_door
D:2:      layout_loops_ring
D:3:      layout_rooms, mainiacjoe_overflow_boulevard, uniq_robin
D:4:      layout_rooms, minmay_temple_entry_slanted, gammafunk_ghost_stat_death,
          minmay_bent, uniq_grinder, uniq_edmund
D:5:      layout_basic, minmay_strange_pillars, uniq_crazy_yiuf_cottage
D:6:      layout_gridville, nicolae_uskayaw_dance_studio
D:7:      layout_basic, nicolae_overflow_two_pavilions,
          ebering_ghost_rock_garden, enter_bailey_2,
          nicolae_concentric_dashed_squares_wild, minivault_24,
          uniq_prince_ribbit1, uniq_pikel, uniq_duvessa, uniq_maggie,
          uniq_joseph
Bailey:   bailey_polearm_gnolls_kennysheep, bailey

Skill      XL: |  1  2  3  4  5  6  7  8  9 10 |
---------------+-------------------------------+-----
Axes           | 4 5 6 7 9 10 | 10.3
Polearms       | 4 8 |  8.8
Armour         | 3 |  3.1
Dodging        | 3 |  3.1
Fighting       | 4 |  4.8
Spellcasting   | |  1.0
Fire Magic     | |  2.6

Action                     |  1- 3 |  4- 6 |  7- 9 | 10-12 || total
---------------------------+-------+-------+-------+-------++-------
  Melee: Hand axe          |    52 |    32 |   132 |     5 ||   221
         Club              |    22 |       |       |       ||    22
         Spear             |     9 |    47 |   173 |   117 ||   346
         War axe           |       |       |       |    47 ||    47
   Cast: Scorch            |     2 |       |       |       ||     2
 Invoke: Fiery Armour      |       |       |     3 |     2 ||     5
    Use: Scroll            |     1 |       |    17 |     1 ||    19
         Potion            |       |       |       |     1 ||     1
 Armour: Robe              |    19 |       |       |       ||    19
         Ring mail         |     5 |       |       |       ||     5
         Scale mail        |     2 |    22 |    77 |   110 ||   211
  Dodge: Dodged            |    36 |    14 |    50 |    83 ||   183

Table legend: (Time is in decaauts)
 A = Elapsed time spent in this place.
 B = Non-inter-level travel time spent in this place.
 C = Inter-level travel time spent in this place.
 D = Time resting spent in this place.
 E = Time spent auto-exploring this place.
 F = Levels seen in this place.
 G = Mean time per level.
                   A        B        C        D        E       F      G
               +--------+--------+--------+--------+--------+-----+--------+
         Total |   5370 |   5184 |    186 |    223 |   3937 |   9 |  596.7 |
       Dungeon |   4576 |   4390 |    186 |    223 |   3284 |   7 |  653.7 |
         Abyss |    164 |    164 |      0 |      0 |    129 |   1 |  164.0 |
        Bailey |    629 |    629 |      0 |      0 |    524 |   1 |  629.0 |
               +--------+--------+--------+--------+--------+-----+--------+

Top non-repeatable levels by time:
     D:5: 1147 daAuts
     D:1: 805 daAuts
  Bailey: 629 daAuts
     D:2: 583 daAuts
     D:6: 563 daAuts
     D:4: 541 daAuts
     D:3: 484 daAuts
     D:7: 450 daAuts
 Abyss:1: 164 daAuts
